AoeStats
← SIN_Crowo

Highland

505720539Analyzed
4v4 RM · 21d ago on Sep 10, 2026· 18m 25s· 8 players
Game mode
Random Map
Map size
Large (8 player)
Population
200
Speed
Normal
Resources
Standard
Victory
Conquest
Starting age
Dark Age
Ending age
Imperial Age
RankedLock teamsTeams togetherTeam positionsShared explorationLock speedFull tech treeHidden civsTurbo modeCheats
Victory
Defeat
🇩🇪 Burgundians · Germany
832
+4
🇩🇪 Malians · Germany
811
+5
🇩🇪 Spanish · Germany
796
+5
🇩🇪 Franks · Germany
759
+8
🇷🇺 Spanish · Russia
555
-7
🇺🇸 Portuguese · United States
521
-5
🇫🇷 Persians · France
498
-5
🇹🇷 Bohemians · Türkiye
422
-3
alexisben78
0:40 Loom
12:56 Feudal Age
13:57 Double-Bit Axe
14:44 Man-at-Arms
dcpromo26
0:45 Loom
14:08 Feudal Age
14:43 Town Watch
luial10
14:26 Feudal Age
15:20 Double-Bit Axe
16:19 Wheelbarrow
16:13 Man-at-Arms
MCK
15:04 Feudal Age
16:26 Wheelbarrow
17:24 Double-Bit Axe
17:23 Horse Collar
HAVE A NICE DAY
2:23 Loom
13:35 Feudal Age
15:11 Wheelbarrow
15:24 Double-Bit Axe
BLAZE OF GLORY
9:27 Loom
12:13 Feudal Age
12:49 Double-Bit Axe
12:48 Horse Collar
13:09 Man-at-Arms
16:38 Arson
SIN_Crowo
12:48 Feudal Age
14:57 Double-Bit Axe
20:28 Castle Age
Siggos
3:58 Loom
12:27 Feudal Age
18:18 Castle Age
16:46 Double-Bit Axe
16:52 Horse Collar
18:21 Cavalier
Connection lost

Rejoining the realm…

Still unreachable

The connection could not be restored.

Session expired

The server has moved on; the page needs a fresh start.